TOP OF THE 1ST |
Irvine Gang Green batting - Pitching for Springfield Stars : LHP Brock Morris
|
Pitching: LHP Brock Morris
|
|
Batting: RHB Tom Doherty
|
0-0: Ball 1-0: Foul Ball, location: 2F 1-1: Fly out, F7 (Flyball, 7LS)
|
Batting: LHB José Sánchez
|
0-0: Called Strike 0-1: Ball 1-1: Ball 2-1: SINGLE (Groundball, 4D)
|
Batting: RHB José Salazar
|
0-0: Ball José Sánchez steals 2nd base 1-0: Ball 2-0: Ball 3-0: Called Strike 3-1: Fly out, F9 (Flyball, 9LSF)
|
Batting: RHB Eichiro Yamamoto
|
0-0: Ball 1-0: Foul Ball, location: 2F 1-1: Ball 2-1: SINGLE (Line Drive, 6) José Sánchez to third Runner from 3rd tries for Home, throw and OUT!
|
Top of the 1st over - 0 run(s), 2 hit(s), 0 error(s), 1 left on base; Irvine 0 - Springfield 0 |
BOTTOM OF THE 1ST |
Springfield Stars batting - Pitching for Irvine Gang Green : RHP Alfredo Montalvo
|
Pitching: RHP Alfredo Montalvo
|
|
Batting: SHB Shane Hutchinson
|
0-0: Ball 1-0: Foul Ball, location: 2F 1-1: Ball 2-1: Swinging Strike 2-2: Ball 3-2: Strikes out swinging
|
Batting: RHB Calvin Bennett
|
0-0: SINGLE (Groundball, 56D)
|
Batting: RHB Norberto Taváres
|
0-0: Ball 1-0: Ball 2-0: Ball 3-0: Base on Balls Calvin Bennett to second
|
Batting: LHB Felipe Guerrero
|
0-0: Ball Calvin Bennett steals 3rd base Norberto Taváres to second 1-0: Ball 2-0: Fly out, F9 (Flyball, 9LM) Runner from 3rd tags up, SCORES, no throw
|
Batting: LHB Elliott Newell
|
0-0: Swinging Strike 0-1: Ball 1-1: Swinging Strike 1-2: Ball 2-2: Ball 3-2: Strikes out swinging
|
Bottom of the 1st over - 1 run(s), 1 hit(s), 0 error(s), 1 left on base; Irvine 0 - Springfield 1 |
TOP OF THE 2ND |
Irvine Gang Green batting - Pitching for Springfield Stars : LHP Brock Morris
|
Batting: LHB Frank Geddes
|
0-0: Ball 1-0: Called Strike 1-1: Ball 2-1: Foul Ball, location: 2F 2-2: Strikes out looking
|
Batting: RHB Tyler Wagner
|
0-0: Called Strike 0-1: Called Strike 0-2: Ground out 5-3 (Groundball, 56)
|
Batting: LHB José Esparza
|
0-0: Called Strike 0-1: Swinging Strike 0-2: Strikes out swinging
|
Top of the 2nd over - 0 run(s), 0 hit(s), 0 error(s), 0 left on base; Irvine 0 - Springfield 1 |
BOTTOM OF THE 2ND |
Springfield Stars batting - Pitching for Irvine Gang Green : RHP Alfredo Montalvo
|
Batting: LHB Ryan Drake
|
0-0: Called Strike 0-1: SINGLE (Line Drive, 89S)
|
Batting: LHB Jesús Tobías
|
0-0: Called Strike 0-1: Ball 1-1: Ball 2-1: Foul Ball, location: 2F 2-2: SINGLE (Line Drive, 4) Ryan Drake to second
|
Batting: RHB Juan Carlos Rodríguez
|
0-0: SINGLE (Line Drive, 34) Ryan Drake to third Jesús Tobías to second Runner from 3rd tries for Home, SAFE, throw made home Jesús Tobías to third Juan Carlos Rodríguez to second
|
Batting: RHB Will Sterling
|
0-0: Ball 1-0: Foul Ball, location: 2F 1-1: Foul Ball, location: 2F 1-2: Foul Ball, location: 2F 1-2: Foul Ball, location: 2F 1-2: Foul Ball, location: 2F 1-2: Ball 2-2: SINGLE (Line Drive, 7S) Jesús Tobías scores Juan Carlos Rodríguez to third
|
Batting: SHB Shane Hutchinson
|
0-0: Ball 1-0: Fly out, F2 (Popup, 15S)
|
Batting: RHB Calvin Bennett
|
0-0: Called Strike 0-1: Swinging Strike 0-2: Ball 1-2: Foul Ball, location: 2F 1-2: Ball 2-2: DOUBLE (Line Drive, 89D) Juan Carlos Rodríguez scores Will Sterling to third
|
Batting: RHB Norberto Taváres
|
0-0: Foul Ball, location: 2F 0-1: Called Strike 0-2: Ball 1-2: Ground out 6-3 (Groundball, 6) Will Sterling scores
|
Batting: LHB Felipe Guerrero
|
0-0: Called Strike 0-1: Ball 1-1: DOUBLE (Flyball, 78XD) Calvin Bennett scores
|
Batting: LHB Elliott Newell
|
0-0: Ball 1-0: Ball 2-0: Ball 3-0: Called Strike 3-1: Base on Balls
|
Pitching: LHP Santiago González
|
|
Batting: LHB Ryan Drake
|
0-0: Ball 1-0: Called Strike 1-1: SINGLE (Groundball, 4MD) Felipe Guerrero to third Elliott Newell to second Runner from 3rd tries for Home, SAFE, no throw
|
Batting: LHB Jesús Tobías
|
0-0: Ball 1-0: Foul Ball, location: 2F 1-1: Foul Ball, location: 2F 1-2: Fielders Choice at 2nd, 4-6 (Groundball, 4)
|
Bottom of the 2nd over - 6 run(s), 7 hit(s), 0 error(s), 1 left on base; Irvine 0 - Springfield 7 |
TOP OF THE 3RD |
Irvine Gang Green batting - Pitching for Springfield Stars : LHP Brock Morris
|
Batting: RHB Aaron Wilson
|
0-0: Ball 1-0: Foul Ball, location: 2F 1-1: Ball 2-1: Fly out, F8 (Flyball, 78S)
|
Batting: RHB Shizue Chouda
|
0-0: Ball 1-0: Ball 2-0: Called Strike 2-1: Foul Ball, location: 2F 2-2: Ball 3-2: Fly out, F7 (Flyball, 7S)
|
Batting: RHB Tom Doherty
|
0-0: Ground out 5-3 (Groundball, 5)
|
Top of the 3rd over - 0 run(s), 0 hit(s), 0 error(s), 0 left on base; Irvine 0 - Springfield 7 |
BOTTOM OF THE 3RD |
Springfield Stars batting - Pitching for Irvine Gang Green : LHP Santiago González
|
Batting: RHB Juan Carlos Rodríguez
|
0-0: Ball 1-0: Called Strike 1-1: Swinging Strike 1-2: Strikes out swinging
|
Batting: RHB Will Sterling
|
0-0: Ball 1-0: Ball 2-0: SINGLE (Line Drive, 8RS)
|
Batting: SHB Shane Hutchinson
|
0-0: Ball 1-0: Ball 2-0: Foul Ball, location: 2F 2-1: Grounds into double play, 5-4-3 (Groundball, 56)
|
Bottom of the 3rd over - 0 run(s), 1 hit(s), 0 error(s), 0 left on base; Irvine 0 - Springfield 7 |
TOP OF THE 4TH |
Irvine Gang Green batting - Pitching for Springfield Stars : LHP Brock Morris
|
Batting: LHB José Sánchez
|
0-0: Ball 1-0: Ball 2-0: Swinging Strike 2-1: Foul Ball, location: 2F 2-2: Ball 3-2: Strikes out swinging
|
Batting: RHB José Salazar
|
0-0: Foul Ball, location: 2F 0-1: Ball 1-1: Swinging Strike 1-2: Foul Ball, location: 2F 1-2: Foul Ball, location: 2F 1-2: Ball 2-2: Ball 3-2: Fly out, F8 (Flyball, 8RM)
|
Batting: RHB Eichiro Yamamoto
|
0-0: Ball 1-0: Ball 2-0: Ball 3-0: Swinging Strike 3-1: Ground out 3-1 (Groundball, 34S)
|
Top of the 4th over - 0 run(s), 0 hit(s), 0 error(s), 0 left on base; Irvine 0 - Springfield 7 |
BOTTOM OF THE 4TH |
Springfield Stars batting - Pitching for Irvine Gang Green : LHP Santiago González
|
Batting: RHB Calvin Bennett
|
0-0: Ground out 4-3 (Groundball, 4)
|
Batting: RHB Norberto Taváres
|
0-0: Foul Ball, location: 2F 0-1: Foul Ball, location: 2F 0-2: Ball 1-2: SINGLE (Line Drive, 8RS)
|
Batting: LHB Felipe Guerrero
|
0-0: Called Strike 0-1: Ball 1-1: Called Strike 1-2: Grounds into double play, 4-6-3 (Groundball, 34)
|
Bottom of the 4th over - 0 run(s), 1 hit(s), 0 error(s), 0 left on base; Irvine 0 - Springfield 7 |
TOP OF THE 5TH |
Irvine Gang Green batting - Pitching for Springfield Stars : LHP Brock Morris
|
Batting: LHB Frank Geddes
|
0-0: Called Strike 0-1: Ball 1-1: Ball 2-1: Swinging Strike 2-2: Strikes out swinging
|
Batting: RHB Tyler Wagner
|
0-0: Ball 1-0: Ball 2-0: Foul Ball, location: 2F 2-1: Ball 3-1: Foul Ball, location: 2F 3-2: SINGLE (Line Drive, 89S)
|
Batting: LHB José Esparza
|
0-0: Ball 1-0: Ball 2-0: Called Strike 2-1: Ball 3-1: Foul Ball, location: 2F 3-2: Foul Ball, location: 2F 3-2: Foul Ball, location: 2F 3-2: Foul Ball, location: 2F 3-2: Base on Balls Tyler Wagner to second
|
Batting: RHB Aaron Wilson
|
0-0: Called Strike 0-1: SINGLE (Line Drive, 4D) Tyler Wagner to third José Esparza to second Runner from 3rd tries for Home, throw and OUT! José Esparza to third Aaron Wilson to second
|
Batting: RHB Shizue Chouda
|
0-0: Ball 1-0: Called Strike 1-1: Ball 2-1: Foul Ball, location: 2F 2-2: Foul Ball, location: 2F 2-2: Strikes out swinging
|
Top of the 5th over - 0 run(s), 2 hit(s), 0 error(s), 2 left on base; Irvine 0 - Springfield 7 |
BOTTOM OF THE 5TH |
Springfield Stars batting - Pitching for Irvine Gang Green : LHP Santiago González
|
Batting: LHB Elliott Newell
|
0-0: Ball 1-0: Ball 2-0: Called Strike 2-1: Ground out U3 (Groundball, 3L)
|
Batting: LHB Ryan Drake
|
0-0: Ball 1-0: Called Strike 1-1: Ball 2-1: Ball 3-1: SINGLE (Line Drive, 4)
|
Batting: LHB Jesús Tobías
|
0-0: Ball 1-0: DOUBLE (Groundball, 3L) Ryan Drake to third
|
Batting: RHB Juan Carlos Rodríguez
|
0-0: Called Strike 0-1: Swinging Strike 0-2: Strikes out looking
|
Batting: RHB Will Sterling
|
0-0: SINGLE (Groundball, 56D) Ryan Drake scores Jesús Tobías to third Runner from 3rd tries for Home, SAFE, no throw
|
Batting: SHB Shane Hutchinson
|
0-0: Ball 1-0: Called Strike 1-1: Foul Ball, location: 2F 1-2: Ball 2-2: Foul Ball, location: 2F 2-2: Fly out, F7 (Flyball, 78M)
|
Bottom of the 5th over - 2 run(s), 3 hit(s), 0 error(s), 1 left on base; Irvine 0 - Springfield 9 |
TOP OF THE 6TH |
Irvine Gang Green batting - Pitching for Springfield Stars : LHP Brock Morris
|
Batting: RHB Tom Doherty
|
0-0: Ground out 6-3 (Groundball, 6)
|
Batting: LHB José Sánchez
|
0-0: Called Strike 0-1: Ball 1-1: Ball 2-1: Ground out 3-1 (Groundball, 34)
|
Batting: RHB José Salazar
|
0-0: Ball 1-0: Ball 2-0: Ball 3-0: Called Strike 3-1: Base on Balls
|
Pitching: LHP Jorge Aybar
|
|
Batting: RHB Eichiro Yamamoto
|
0-0: Foul Ball, location: 2F 0-1: Swinging Strike 0-2: Strikes out swinging
|
Top of the 6th over - 0 run(s), 0 hit(s), 0 error(s), 1 left on base; Irvine 0 - Springfield 9 |
BOTTOM OF THE 6TH |
Springfield Stars batting - Pitching for Irvine Gang Green : LHP Santiago González
|
Pitching: RHP Takehide Ono
|
|
Batting: RHB Calvin Bennett
|
0-0: Ball 1-0: Ball 2-0: Called Strike 2-1: Fly out, F7 (Flyball, 7S)
|
Batting: RHB Norberto Taváres
|
0-0: Foul Ball, location: 2F 0-1: Swinging Strike 0-2: Ball 1-2: Ball 2-2: Fly out, F4 (Line Drive, 4)
|
Batting: LHB Felipe Guerrero
|
0-0: Fly out, F8 (Flyball, 8LM)
|
Bottom of the 6th over - 0 run(s), 0 hit(s), 0 error(s), 0 left on base; Irvine 0 - Springfield 9 |
TOP OF THE 7TH |
Irvine Gang Green batting - Pitching for Springfield Stars : LHP Jorge Aybar
|
Batting: LHB Frank Geddes
|
0-0: Called Strike 0-1: Ball 1-1: Ball 2-1: Ground out 3-1 (Groundball, 34S)
|
Batting: RHB Tyler Wagner
|
0-0: Called Strike 0-1: Ball 1-1: Ball 2-1: SINGLE (Line Drive, 7S)
|
Batting: LHB José Esparza
|
0-0: Ball 1-0: Ball 2-0: Ball 3-0: Called Strike 3-1: Foul Ball, location: 2F 3-2: Foul Ball, location: 2F 3-2: Base on Balls Tyler Wagner to second
|
Batting: RHB Aaron Wilson
|
0-0: Foul Ball, location: 2F 0-1: Ball 1-1: Foul Ball, location: 2F 1-2: Foul Ball, location: 2F 1-2: Foul Ball, location: 2F 1-2: Foul Ball, location: 2F 1-2: Ball 2-2: Foul Ball, location: 2F 2-2: Strikes out swinging
|
Batting: RHB Shizue Chouda
|
0-0: Called Strike 0-1: Foul Ball, location: 2F 0-2: Ball 1-2: Strikes out swinging
|
Top of the 7th over - 0 run(s), 1 hit(s), 0 error(s), 2 left on base; Irvine 0 - Springfield 9 |
BOTTOM OF THE 7TH |
Springfield Stars batting - Pitching for Irvine Gang Green : RHP Takehide Ono
|
Batting: LHB Elliott Newell
|
0-0: Called Strike 0-1: Ball 1-1: Ball 2-1: Foul Ball, location: 2F 2-2: Strikes out swinging
|
Batting: LHB Ryan Drake
|
0-0: SINGLE (Groundball, 4MD)
|
Batting: LHB Jesús Tobías
|
0-0: Ball 1-0: Called Strike 1-1: Ball 2-1: TRIPLE (Line Drive, 89D) Ryan Drake scores
|
Batting: RHB Juan Carlos Rodríguez
|
0-0: Fly out, F7 (Flyball, 7) Runner from 3rd tags up, SCORES, no throw
|
Batting: RHB Will Sterling
|
0-0: Called Strike 0-1: Ball 1-1: Foul Ball, location: 2F 1-2: Hit by Pitch
|
Batting: SHB Shane Hutchinson
|
0-0: Ball 1-0: Ball 2-0: Foul Ball, location: 2F 2-1: Ball 3-1: Called Strike 3-2: DOUBLE (Groundball, 3L) Will Sterling to third Will Sterling scores
|
Pitching: RHP Raúl Salas
|
|
Batting: RHB Calvin Bennett
|
0-0: Ball 1-0: Called Strike 1-1: Called Strike 1-2: Ground out 5-3 (Groundball, 56S)
|
Bottom of the 7th over - 3 run(s), 3 hit(s), 0 error(s), 1 left on base; Irvine 0 - Springfield 12 |
TOP OF THE 8TH |
Irvine Gang Green batting - Pitching for Springfield Stars : LHP Jorge Aybar
|
Batting: RHB Tom Doherty
|
0-0: Ball 1-0: Called Strike 1-1: Ground out 5-3 (Groundball, 56)
|
Batting: LHB José Sánchez
|
0-0: Called Strike 0-1: Ball 1-1: Ball 2-1: SINGLE (Line Drive, 6M)
|
Batting: RHB José Salazar
|
0-0: Swinging Strike 0-1: Ball 1-1: Foul Ball, location: 2F 1-2: Foul Ball, location: 2F 1-2: Foul Ball, location: 2F 1-2: Ball 2-2: Grounds into double play, 4-6-3 (Groundball, 4)
|
Top of the 8th over - 0 run(s), 1 hit(s), 0 error(s), 0 left on base; Irvine 0 - Springfield 12 |
BOTTOM OF THE 8TH |
Springfield Stars batting - Pitching for Irvine Gang Green : RHP Raúl Salas
|
Batting: RHB Norberto Taváres
|
0-0: Ball 1-0: SINGLE (Line Drive, 34)
|
Batting: LHB Felipe Guerrero
|
Balk! Norberto Taváres to second 0-0: Ball 1-0: Ball Wild Pitch! Norberto Taváres to third 2-0: Called Strike 2-1: Swinging Strike 2-2: Ball 3-2: Foul Ball, location: 2F 3-2: Base on Balls
|
Pinch Hitting: SHB Giancarlo Giannini
|
0-0: Ball 1-0: Ball Balk! Norberto Taváres scores Felipe Guerrero to second 2-0: Foul Ball, location: 2F 2-1: SINGLE (Line Drive, 4MD) Felipe Guerrero to third
|
Batting: LHB Ryan Drake
|
0-0: Fly out, F8 (Flyball, 8RM) Runner from 3rd tags up, SCORES, throw made
|
Batting: LHB Jesús Tobías
|
Pickoff Throw to First - Error! E1 Giancarlo Giannini to second 0-0: Called Strike 0-1: SINGLE (Flyball, 8RS) Giancarlo Giannini to third Runner from 3rd tries for Home, SAFE, throw made home Jesús Tobías to second
|
Pitching: LHP Pablo Rivas
|
|
Batting: RHB Juan Carlos Rodríguez
|
0-0: Swinging Strike 0-1: Ball 1-1: Called Strike 1-2: SINGLE (Line Drive, 7S) Jesús Tobías to third Runner from 3rd tries for Home, SAFE, no throw
|
Batting: RHB Will Sterling
|
0-0: Fly out, F9 (Flyball, 89M)
|
Batting: SHB Shane Hutchinson
|
0-0: Swinging Strike 0-1: Fly out, F7 (Flyball, 7)
|
Bottom of the 8th over - 4 run(s), 4 hit(s), 1 error(s), 1 left on base; Irvine 0 - Springfield 16 |
TOP OF THE 9TH |
Irvine Gang Green batting - Pitching for Springfield Stars : LHP Jorge Aybar
|
Now at 1B: Juan Rodríguez
|
|
Batting: RHB Eichiro Yamamoto
|
0-0: Ground out 4-3 (Groundball, 4)
|
Batting: LHB Frank Geddes
|
0-0: Swinging Strike 0-1: Called Strike 0-2: Strikes out swinging
|
Batting: RHB Tyler Wagner
|
0-0: Ball 1-0: Foul Ball, location: 2F 1-1: Ball 2-1: Called Strike 2-2: Ball 3-2: Strikes out swinging
|
Top of the 9th over - 0 run(s), 0 hit(s), 0 error(s), 0 left on base; Irvine 0 - Springfield 16 |
|